 Dungeon Crawl Stone Soup version 0.25.0-46-gbd7b0854d2 (webtiles) character file.

Game seed: 16482386076775767707

337 Descartes the Covert (level 6, 0/28 HPs)
             Began as a Felid Wanderer on July 15, 2020.
             Slain by Duvessa
             ... wielding a +0 rapier
              (6 damage)
             ... on level 5 of the Dungeon.
             The game lasted 00:09:39 (4684 turns).

Descartes the Covert (Felid Wanderer)               Turns: 4684, Time: 00:09:39

Health: 0/28       AC:  6    Str: 13    XL:     6   Next: 28%
Magic:  7/7        EV: 22    Int:  7    God:
Gold:   201        SH:  0    Dex: 19    Spells: 2/5 levels left
                                        Lives:  0   Deaths: 1

rFire    + . .     SeeInvis +     - Unarmed
rCold    + . .     Gourm    .   (shield unavailable)
rNeg     + . .     Faith    +   (armour unavailable)
rPois    .         Spirit   .   (helmet unavailable)
rElec    .         Reflect  .   (cloak unavailable)
rCorr    .         Harm     .   (gloves unavailable)
MR       .....                  (boots unavailable)
Stlth    +++++.....             v - amulet of Xitrio Riviu {Faith rC+ rN+ Str+3 Int-3}
HPRegen  0.09/turn              i - +4 ring of protection
MPRegen  0.10/turn              q - ring of protection from fire

@: quick
A: very small, no armour, no weapons or thrown items, stealth, claws 1, fangs 3,
see invisible, carnivore, speed 1, shaggy fur 2, slow metabolism 1, sharp paws
a: no special abilities


You were on level 5 of the Dungeon.
You were completely stuffed.

You visited 1 branch of the dungeon, and saw 5 of its levels.

You collected 257 gold pieces.
You spent 56 gold pieces at shops.

Inventory:

Missiles
 g - 229 stones
 s - 43 arrows
Jewellery
 i - a +4 ring of protection (left paw)
 j - an uncursed ring of resist corrosion
 q - a ring of protection from fire (right paw)
 v - the amulet of Xitrio Riviu (around neck) {Faith rC+ rN+ Str+3 Int-3}
   (You found it on level 4 of the Dungeon)

   [amulet of faith]

   It allows you to gain divine favour quickly.
   It affects your strength (+3).
   It affects your intelligence (-3).
   It protects you from cold.
   It protects you from negative energy.
Scrolls
 a - 3 scrolls of fear
 k - a scroll of blinking {unknown}
 l - a scroll of immolation {unknown}
 m - a scroll of remove curse {unknown}
 r - a scroll of fog {unknown}
 t - 3 scrolls of teleportation {unknown}
 u - 2 scrolls of magic mapping {unknown}
 x - a scroll of noise {unknown}
Potions
 b - 2 potions of curing
 c - a potion of lignification
 e - 3 potions of heal wounds
 f - a potion of stabbing
 n - a potion of magic
 o - a potion of resistance
 p - a potion of berserk rage
 w - a potion of might
Comestibles
 d - 9 rations


   Skills:
 - Level 3.0 Fighting
 + Level 5.7 Dodging
 + Level 9.6 Stealth
 + Level 2.8 Unarmed Combat
 + Level 2.7 Translocations


You had 2 spell levels left.
You knew the following spells:

 Your Spells              Type           Power        Failure   Level  Hunger
a - Blink                 Tloc           N/A          24%         2    ###....
b - Magic Dart            Conj           #...         43%         1    ##.....

Your spell library contained the following spells:

 Spells                   Type           Power        Failure   Level  Hunger
 Call Imp                 Summ           #.......     56%         2    ###....
 Slow                     Hex            #.......     56%         2    ###....
 Conjure Flame            Conj/Fire      #.......     80%         3    ####...
 Mephitic Cloud           Conj/Pois/Air  #.......     80%         3    ####...


Dungeon Overview and Level Annotations

Branches:
Dungeon (5/15)
 Temple: D:4-7

Altars:
Dithmenos

Shops:
D:4 !:

Annotations:
D:5 Dowan, Duvessa


Innate Abilities, Weirdness & Mutations

You cannot wear armour.
You are incapable of wielding weapons or throwing items.
Your paws allow you to move quietly. (Stealth)
You have sharp claws.
You have razor-sharp teeth.
You have supernaturally acute eyesight. (SInv)
You are carnivorous and can eat meat at any time.
You cover ground quickly.
You are covered in thick fur. (AC +2)
You have a slow metabolism.
Your sharp claws are effective at attacking unaware monsters.


Message History

You scratch Duvessa.
Duvessa is heavily wounded.
You completely miss Duvessa.
Duvessa is heavily wounded.
Duvessa misses you.
You closely miss Duvessa.
Duvessa is heavily wounded.
Duvessa hits you with a +0 rapier!
* * * LOW HITPOINT WARNING * * *
Dowan points at you and mumbles some strange words.
The puff of frost hits you. You resist.
* * * LOW HITPOINT WARNING * * *
Dowan smirks and points a slender finger.
Dowan casts a spell at Duvessa.
Duvessa seems to speed up.
Duvessa barely misses you. Duvessa completely misses you.
You see here a short sword.
Duvessa hits you with a +0 rapier.
You die...

##### ###.#.# #.....####
#........## ### ###........##
#####.## ##.#.........###.##...##
###..........>..#...#....#
>#......#.......@......)##
.#......#........e......# ###
##..###.....##.........########..
..###..............)...#....#....
..................##.............
...##............................
.................................
#..................<..........###
###............###.........#...##


You could see Duvessa (fast).

Vanquished Creatures
  An ice beast (D:2)
  A scorpion (D:4)
  A centaur skeleton (D:4)
  A hound (D:4)
  2 orc priests
  An orc wizard (D:4)
  A bullfrog skeleton (D:3)
  An iguana (D:3)
  A howler monkey skeleton (D:5)
  3 adders
  4 gnolls
  An ooze (D:3)
  2 worms
  4 dart slugs
  3 leopard geckos
  6 orcs
  3 ball pythons
  5 bats
  6 giant cockroaches
  7 goblins
  5 hobgoblins
  8 jackals
  7 kobolds
  2 quokkas
  4 frilled lizards
  2 rats
82 creatures vanquished.

Notes
Turn   | Place    | Note
-------+----------+-------------------------------------------
     0 | D:1      | Descartes the Felid Wanderer began the quest for the Orb.
     0 | D:1      | Descartes set off with the following items: a scroll of
                  | fear, a potion of curing, a potion of lignification, a
                  | ration
     0 | D:1      | Reached XP level 1. HP: 10/10 MP: 2/2
    52 | D:1      | Reached skill level 1 in Dodging
   446 | D:1      | Reached XP level 2. HP: 14/14 MP: 3/3
   730 | D:1      | You fall into a shaft and drop 1 floor!
   778 | D:2      | Reached XP level 3. HP: 13/17 MP: 4/4
  1335 | D:2      | Noticed an ice beast
  1352 | D:2      | Killed an ice beast
  1352 | D:2      | Reached skill level 5 in Dodging
  1352 | D:2      | Reached skill level 7 in Stealth
  1352 | D:2      | Reached XP level 4. HP: 6/21 MP: 5/5
  1828 | D:2      | Reached XP level 5. HP: 24/24 MP: 6/6
  1927 | D:3      | Reached skill level 8 in Stealth
  2641 | D:3      | Reached skill level 9 in Stealth
  2926 | D:4      | Learned a level 2 spell: Blink
  2928 | D:4      | Learned a level 1 spell: Magic Dart
  2961 | D:3      | Gained mutation: You are covered in thick fur. (AC +2)
                  | [Felid growth]
  2961 | D:3      | Reached XP level 6. HP: 18/28 MP: 7/7
  3145 | D:4      | Reached skill level 1 in Translocations
  3410 | D:4      | Found Ynnim's Book Emporium.
  3424 | D:4      | Killed from afar by an orc priest
  3425 | D:4      | Reached XP level 5. HP: -7/24 MP: 6/6
  3638 | D:4      | Reached XP level 6. HP: 23/28 MP: 7/7
  3893 | D:4      | Got a wavering zirconium amulet
  3894 | D:4      | Identified the amulet of Xitrio Riviu {Faith rC+ rN+ Str+3
                  | Int-3} (You found it on level 4 of the Dungeon)
  4175 | D:4      | Found a shadowy altar of Dithmenos.
  4247 | D:4      | Found Avidupeu's Distillery.
  4250 | D:4      | Bought a potion of might for 56 gold pieces
  4299 | D:5      | Entered Level 5 of the Dungeon
  4594 | D:5      | Noticed Dowan
  4598 | D:5      | Noticed Duvessa
  4684 | D:5      | Slain by Duvessa

Illustrated notes

Levels and vault maps discovered:
D:1:      nicolae_arrival_memento_mori, layout_rooms, corner_web_ring,
          minmay_misc_feat_chi, st_stairs_12
D:2:      layout_loops_ring, first_ration
D:3:      layout_basic
D:4:      layout_layer_cave, serial_shops, nicolae_shop_behind_doors, shop,
          grunt_dithmenos_smoke
D:5:      corexii_shantytown, layout_cave_pools, gammafunk_ghost_cemetery,
          uniq_duvessa

Skill      XL: |  1  2  3  4  5  6 |
---------------+-------------------+-----
Dodging        | 2 3 5 |  5.7
Stealth        | 7 9 |  9.6
Translocations | 2 1 |  2.7
Fighting       | |  3.0
Unarmed Combat | |  2.8

Action                   |  1- 3 |  4- 6 || total
-------------------------+-------+-------++-------
Melee: Unarmed           |    73 |   203 ||   276
       Bite              |     4 |    27 ||    31
       Punch             |       |     2 ||     2
  Use: Scroll            |       |     7 ||     7
 Stab: Sleeping          |    12 |    12 ||    24
       Distracted        |     1 |     3 ||     4
  Eat: Chunk             |     8 |    12 ||    20
Armor: Skin              |    14 |    33 ||    47
Dodge: Dodged            |    35 |   154 ||   189
